 Dungeon Crawl Stone Soup version 0.17-a0-1638-g2ccaed7 (console) character file.

728 Monkaria the Conjurer (level 7, 0/36 HPs)
             Began as a Deep Elf Conjurer on Aug 8, 2015.
             Killed by Olgreb's Toxic Radiance
             ... invoked by emikaela's ghost
              (6 damage)
             ... on level 4 of the Dungeon.
             The game lasted 00:09:50 (4172 turns).

Monkaria the Conjurer (Deep Elf Conjurer)           Turns: 4172, Time: 00:09:50

Health: 0/36       AC:  4    Str:  5    XL:     7   Next: 44%
Magic:  19/19      EV: 18    Int: 22    God:
Gold:   15         SH:  0    Dex: 15    Spells: 5 memorised, 5 levels left

rFire  . . .     SeeInvis .     (no weapon)
rCold  . . .     Clarity  .     a - +0 robe
rNeg   . . .     SustAt   +     (no shield)
rPois  .         Gourm    .     (no helmet)
rElec  .         Spirit   .     t - +0 cloak
rCorr  .         Warding  .     i - +0 pair of gloves
rMut   .         Stasis   .     (no boots)
MR     .....                    (no amulet)
Stlth  ++........               y - ring of sustain attributes
                                k - +5 ring of evasion

@: lethally poisoned (0 -> -21), not resistant to hostile enchantments,
unstealthy
A: no striking features
a: no special abilities


You were on level 4 of the Dungeon.
You were not hungry.

You visited 1 branch of the dungeon, and saw 4 of its levels.

You collected 196 gold pieces.
You spent 181 gold pieces at shops.

Inventory:

Missiles
 u - 7 steel tomahawks (quivered)
 v - 6 needles of sleeping
 A - 16 poisoned needles
Armour
 a - a +0 robe (worn)
 i - a +0 pair of gloves (worn)
 t - a +0 cloak (worn)
Jewellery
 k - a +5 ring of evasion (left hand)
 y - a ring of sustain attributes (right hand)
Scrolls
 g - a scroll of blinking
 h - a scroll of immolation
 r - 3 scrolls of remove curse
 w - 2 scrolls of enchant armour
 x - 2 scrolls of teleportation
 B - 3 scrolls of fog
Potions
 e - 3 potions of curing
 f - a potion of lignification
 j - 3 potions of haste
 o - a potion of degeneration
 p - 3 potions of heal wounds {unknown}
Books
 b - a book of Conjurations

   Spells                             Type                      Level
   a - Magic Dart                     Conjuration                  1
   b - Searing Ray                    Conjuration                  2
   c - Dazzling Spray                 Conjuration/Hexes            3
   d - Fulminant Prism                Conjuration/Hexes            4
   e - Iskenderun's Mystic Blast      Conjuration                  4
   f - Iskenderun's Battlesphere      Conjuration/Charms           5
 s - a book of Party Tricks

   Spells                             Type                      Level
   a - Summon Butterflies             Summoning                    1
   b - Apportation                    Translocation                1
   c - Tukima's Dance                 Hexes                        3
   d - Alistair's Intoxication        Transmutation/Poison         4
   e - Invisibility                   Hexes                        6
Comestibles
 c - 3 bread rations
 d - 2 beef jerkies
 l - 3 meat rations
 q - 4 chunks of flesh
 z - 5 fruits


   Skills:
 - Level 2.4 Dodging
 - Level 2.4 Stealth
 - Level 7.1 Spellcasting
 + Level 7.6 Conjurations
 - Level 4.1 Hexes


You had 5 spell levels left.
You knew the following spells:

 Your Spells              Type           Power        Failure   Level  Hunger
a - Magic Dart            Conj           ####         1%          1    None
b - Searing Ray           Conj           #####.       1%          2    None
c - Iskenderun's Mystic   Conj           #####...     4%          4    ###....
d - Iskenderun's Battles  Conj/Chrm      ###.....     50%         5    #####..
e - Tukima's Dance        Hex            ####....     6%          3    None


Dungeon Overview and Level Annotations

Branches:
Dungeon (4/15)
 Temple: D:4-7

Altars:
Ru
Trog
Zin
The Shining One

Shops:
D:4 ?

Annotations:
D:4 emikaela's ghost, average DsVM


Message History

Emikaela's ghost casts a spell at you.
The ball explodes into a vile cloud!
The stinking cloud engulfs you!
You feel sick.
Emikaela's ghost mumbles some strange words.
Emikaela's ghost begins to radiate toxic energy.
You are more poisoned.
Emikaela's ghost gestures at you while chanting.
The sting misses you.
You feel sick.
You are more poisoned.
You feel sick.
You are lethally poisoned!
You feel sick.
* * * LOW HITPOINT WARNING * * *
You are more poisoned.
Emikaela's ghost keens inconsolably.
There is an open door here.
* * * LOW HITPOINT WARNING * * *
You feel sick.
You die...

..# #.... #.#####.# #.###
.....##W# ###)# # ####.##.# ##+##
#...### ..##.##.# ##...## #......
...#.##.#### ##.....## #...###
...#.##.##.## ##.......####...##
......#.#...####.........###....#
...#.....W.....'@........'..)....
...#.##.#...####.........###....#
..##.......## ##.......## #.#.##
####..#...## ##.....## #.###
..........# ##...## #.#
#.######.## ##'## #.# #.# #.# #.#
#.. #.# #.# #.# ### #.# #.# ##W##


You could see emikaela's ghost.

Vanquished Creatures
  Sigmund (D:3)
  A phantom (D:4)
  A giant frog (D:4)
  Jessica (D:2)
  A giant frog skeleton (D:4)
  A gnoll shaman (D:4)
  Terence (D:3)
  Natasha (thrice) (D:2)
  An orc wizard (D:4)
  2 worker ants (D:4)
  7 adders
  3 gnolls (D:4)
  3 oozes
  5 worms
  2 giant geckos
  11 orcs
  8 bats
  5 giant cockroaches
  7 goblins
  13 hobgoblins
  2 jackals (D:1)
  8 kobolds
  4 giant newts
  9 rats
100 creatures vanquished.

Notes
Turn   | Place    | Note
--------------------------------------------------------------
     0 | D:1      | Monkaria the Deep Elf Conjurer began the quest for the Orb.
     0 | D:1      | Reached XP level 1. HP: 10/10 MP: 6/6
   406 | D:1      | Reached XP level 2. HP: 4/15 MP: 3/9
  1329 | D:2      | Reached skill level 5 in Spellcasting
  1329 | D:2      | Reached XP level 3. HP: 19/19 MP: 7/11
  1339 | D:2      | Learned a level 2 spell: Searing Ray
  1417 | D:2      | Found a glowing silver altar of Zin.
  1465 | D:2      | Noticed Natasha
  1472 | D:2      | Killed Natasha
  1543 | D:2      | Reached XP level 4. HP: 18/24 MP: 11/13
  1690 | D:2      | Noticed Jessica
  1694 | D:2      | Killed Jessica
  1694 | D:2      | Reached skill level 6 in Spellcasting
  1845 | D:2      | Noticed Natasha
  1902 | D:2      | Killed Natasha
  2252 | D:2      | Found a glowing silver altar of Zin.
  2493 | D:2      | Noticed Natasha
  2496 | D:2      | Killed Natasha
  2546 | D:3      | Reached skill level 7 in Spellcasting
  2550 | D:3      | Reached XP level 5. HP: 28/28 MP: 6/16
  2650 | D:3      | Learned a level 4 spell: Iskenderun's Mystic Blast
  2829 | D:3      | Learned a level 5 spell: Iskenderun's Battlesphere
  2833 | D:3      | Learned a level 3 spell: Tukima's Dance
  2975 | D:3      | Noticed Sigmund
  2980 | D:3      | Killed Sigmund
  2980 | D:3      | Reached XP level 6. HP: 17/32 MP: 10/18
  3102 | D:3      | Found a glowing golden altar of the Shining One.
  3236 | D:3      | Noticed Terence
  3244 | D:3      | Killed Terence
  3631 | D:4      | Noticed emikaela's ghost (average DsVM)
  3653 | D:4      | Reached skill level 1 in Hexes
  3653 | D:4      | Reached XP level 7. HP: 24/36 MP: 15/19
  3885 | D:4      | Noticed a moth of wrath
  3888 | D:4      | Found a bloodstained altar of Trog.
  4011 | D:4      | Found a sacrificial altar of Ru.
  4037 | D:4      | Found Hepp's Magic Scroll Emporium.
  4050 | D:4      | Bought a scroll of teleportation for 33 gold pieces
  4050 | D:4      | Bought a scroll of enchant armour for 82 gold pieces
  4050 | D:4      | Bought 3 scrolls of fog for 66 gold pieces
  4172 | D:4      | Killed from afar by emikaela's ghost

Vault maps used:
D:1:      minmay_arrival_nine_rooms
D:2:      zin_scriptorium, uniq_natasha, uniq_jessica
D:3:      nicolae_tso_swordbearing_angel, kennysheep_generic_room_5,
          uniq_terence, uniq_sigmund
D:4:      tgw_trog, old_standard_altar, kennysheep_windowed_goal

Action                   |  1- 3 |  4- 6 |  7- 9 || total
-------------------------+-------+-------+-------++-------
 Cast: Magic Dart        |    55 |    88 |    18 ||   161
       Searing Ray       |     2 |    20 |     8 ||    30
  Use: Scroll            |       |       |     7 ||     7
  Eat: Chunk             |     2 |     6 |     2 ||    10
